 Dungeon Crawl Stone Soup version 0.30.1-3-gfc49f6343a (webtiles) character file.

Game seed: 13207691252256659025

232 Descartes the Shield-Bearer (level 6, -2/44 (48) HPs)
             Began as a Formicid Fighter on July 23, 2023.
             Was an Initiate of Gozag.
             Slain by a wight
             ... wielding a +0 hand axe
              (7 damage)
             ... on level 7 of the Dungeon on July 24, 2023.
             The game lasted 00:05:44 (2843 turns).

Descartes the Shield-Bearer (Formicid Fighter)      Turns: 2843, Time: 00:05:44

HP:   -2/44 (48)    AC: 10    Str: 23    XL:     6   Next: 25%
MP:   6/6           EV:  8    Int:  7    God:    Gozag
Gold: 247           SH:  5    Dex: 13    Spells: 5/5 levels left

rFire   . . .        a - +0 war axe
rCold   . . .        c - +0 buckler
rNeg    . . .        o - +0 chain mail
rPois   .            (helmet unavailable)
rElec   .            (no cloak)
rCorr   .            i - +0 pair of gloves
SInv    +            (no boots)
Will    .....        (no amulet) Stlth
                     (no ring)
HPRegen 0.27/turn    (no ring)
MPRegen 0.10/turn

%: no passive effects
@: drained
A: permanent stasis, dig shafts and tunnels, antennae 3, four strong arms
a: Dig, Shaft Self, Renounce Religion, Potion Petition, Call Merchant, Bribe
Branch


You were on level 7 of the Dungeon.
You worshipped Gozag.
Gozag was aware of your devotion.
You visited 2 branches of the dungeon, and saw 6 of its levels.

You collected 306 gold pieces.
You paid 59 gold pieces to Gozag.

Inventory:

Hand Weapons
 a - a +0 war axe (weapon)
Missiles
 j - 13 poisoned darts
Armour
 b - a +0 scale mail
 c - a +0 buckler (worn)
 i - a +0 pair of gloves (worn)
 o - a +0 chain mail (worn)
Jewellery
 r - a ring of resist corrosion
Wands
 q - a wand of roots (7)
 w - a wand of paralysis (12)
Scrolls
 e - a scroll of amnesia {unknown}
 k - 3 scrolls of fear {unknown}
 m - 2 scrolls of fog {unknown}
 n - 2 scrolls of magic mapping {unknown}
 p - a scroll of poison {unknown}
 s - a scroll of enchant weapon {unknown}
 t - 4 scrolls of identify {unknown}
 y - a scroll of summoning {unknown}
Potions
 d - 2 potions of might
 f - a potion of lignification {unknown}
 g - a potion of mutation {unknown}
 h - 2 potions of heal wounds {unknown}
 l - 3 potions of curing {unknown}
 u - 3 potions of haste {unknown}
 v - a potion of degeneration {unknown}
 x - a potion of berserk rage {unknown}


   Skills:
 + Level 4.2 Fighting
 + Level 2.9 Axes
 + Level 4.0 Armour
 + Level 5.0 Shields
 * Level 3.9 Earth Magic


You had 5 spell levels left.
You didn't know any spells.
Your spell library contained the following spells:

 Spells                   Type           Power      Damage    Failure   Level
 Sandblast                Erth           10%        2d5       54%         1
 Passwall                 Tmut/Erth      1%         N/A       92%         2
 Freeze                   Ice            0%         1d3       97%         1
 Cigotuvi's Dreadful Rot  Necr/Pois/Air  0%         N/A       99%         2
 Stone Arrow              Conj/Erth      4%         3d7       99%         3
 Frozen Ramparts          Ice            0%         1d1       100%        3
 Hailstorm                Conj/Ice       0%         3d3       100%        3
 Ozocubu's Armour         Ice            0%         N/A       100%        3
 Dispel Undead            Necr           0%         3d6       100%        4
 Death Channel            Necr           0%         N/A       100%        6
 Ozocubu's Refrigeration  Ice            0%         4d7       100%        7


Dungeon Overview and Level Annotations

Branches:
Dungeon (4/15)             Temple (1/1) D:4

Altars:
Ashenzari
Dithmenos
Elyvilon
Fedhas
Gozag
Hepliaklqana
Kikubaaqudgha
Makhleb
Nemelex Xobeh
Ru
Sif Muna
Trog
Uskayaw
Zin
The Shining One


Innate Abilities, Weirdness & Mutations

You cannot be hasted, slowed, berserked, paralysed or teleported.
You can dig through walls and to a lower floor.
You have a pair of large antennae on your head. (SInv)
Your four strong arms can wield two-handed weapons with a shield.


Message History

The wight is severely damaged.
The wight hits you with a +0 hand axe!
You feel drained.
You are too injured to fight recklessly!
You are too injured to fight recklessly!
You are too injured to fight recklessly!
You are too injured to fight recklessly!
You are too injured to fight recklessly!
You are too injured to fight recklessly!
You are too injured to fight recklessly!
You are too injured to fight recklessly!
You are too injured to fight recklessly!
You are too injured to fight recklessly!
You are too injured to fight recklessly!
You are too injured to fight recklessly!
You hit the wight.
The wight is almost destroyed.
You block the wight's attack.
You hit the wight but do no damage.
The wight is almost destroyed.
The wight is no longer distracted by gold.
You block the wight's attack. The wight closely misses you.
You closely miss the wight.
The wight is severely damaged.
The wight hits you with a +0 hand axe.
You barely miss the wight.
The wight is severely damaged.
The wight hits you but does no damage. The wight hits you with a +0 hand axe.
You feel drained.
You closely miss the wight.
The wight is severely damaged.
The wight hits you with a +0 hand axe!
* * * LOW HITPOINT WARNING * * *
You feel drained.
* * * LOW HITPOINT WARNING * * *
Unknown command.
You hit the wight.
The wight is almost destroyed.
The wight hits you with a +0 hand axe!
You die...
Your body crumbles into a pile of gold.

#. #...>.#
#......## #.
#.....# #.#...##
.> #.....#
#.##### .#
##..#..###.# ...
#.....# {
...##..#### #
#z##...# ...
#z#....####
#...#@#..<......
#..$.....#####
#..........#
#.###..#.#..# #.
#..#.##># ..
../#.# ## #
..#.#.# .....#.#
#..####.#


You could see 2 wights.

Vanquished Creatures
  A bullfrog (D:4)
  A wight (D:7)
  2 adders (D:3)
  A white imp (D:7)
  2 worms (D:2)
  2 dart slugs
  8 ball pythons
  3 bats (D:1)
  8 endoplasms
  2 giant cockroaches (D:1)
  3 goblins
  9 hobgoblins
  5 jackals
  8 kobolds
  8 quokkas
  5 frilled lizards
  2 rats (D:3)
70 creatures vanquished.

Notes
Turn   | Place    | Note
-------+----------+-------------------------------------------
     0 | D:1      | Descartes the Formicid Fighter began the quest for the Orb.
     0 | D:1      | Reached XP level 1. HP: 18/18 MP: 1/1
    97 | D:1      | Reached XP level 2. HP: 20/24 MP: 2/2
    98 | D:1      | Reached skill level 1 in Earth Magic
   320 | D:1      | Reached XP level 3. HP: 23/29 MP: 3/3
  1281 | D:2      | Reached XP level 4. HP: 37/37 MP: 4/4
  1455 | D:2      | Found a faded altar of an unknown god.
  2213 | D:4      | Found a staircase to the Ecumenical Temple.
  2222 | Temple   | Entered the Ecumenical Temple
  2222 | Temple   | Found a transporter.
  2222 | Temple   | Found a transporter.
  2224 | Temple   | Found a transporter.
  2224 | Temple   | Found a transporter.
  2234 | Temple   | Became a worshipper of Gozag Ym Sagoz the Greedy
  2328 | D:4      | Reached XP level 5. HP: 34/42 MP: 5/5
  2416 | D:4      | Noticed a bullfrog
  2424 | D:4      | Killed a bullfrog
  2734 | D:4      | You fall into a shaft and drop 3 floors!
  2837 | D:7      | Reached skill level 5 in Shields
  2837 | D:7      | Reached XP level 6. HP: 29/48 MP: 6/6
  2843 | D:7      | Slain by a wight

Illustrated notes

Levels and vault maps discovered:
D:1:      nicolae_arrival_washed_ashore, layout_loops_cross
D:2:      layout_basic, hellmonk_ecumenical_altar_zigzags
D:3:      layout_rooms
D:4:      kennysheep_big_flooded_room, layout_loops_cross,
          minmay_temple_entry_statues_pillars, hangedman_decor_diamond_cutter
D:7:      layout_rooms, jmf_multi_god_temple2, uniq_crazy_yiuf_cottage
Temple:   hellmonk_temple_divided_pantheon

Skill      XL: |  1  2  3  4  5 |
---------------+----------------+-----
Earth Magic    | 1 2 3 |  3.9
Fighting       | 4 |  4.2
Armour         | 4 |  4.0
Shields        | 5 |  5.0
Axes           | |  2.9

Action                     |  1- 3 |  4- 6 || total
---------------------------+-------+-------++-------
  Melee: War axe           |    85 |    93 ||   178
 Armour: Scale mail        |    36 |       ||    36
         Chain mail        |     2 |    59 ||    61
  Dodge: Dodged            |    45 |    36 ||    81
  Block: Buckler           |    20 |    16 ||    36
